 Dungeon Crawl Stone Soup version 0.18.1-8-gdd0e5ea (webtiles) character file.

42 zeroDi the Sneak (level 3, 0/18 HPs)
             Began as a Vine Stalker Assassin on May 21, 2016.
             Slain by a hobgoblin (5 damage)
             ... led by Robin
             ... on level 2 of the Dungeon.
             The game lasted 00:02:12 (747 turns).

zeroDi the Sneak (Vine Stalker Assassin)             Turns: 747, Time: 00:02:13

Health: 0/18       AC:  3    Str: 13    XL:     3   Next: 54%
Magic:  0/4        EV: 11    Int: 11    God:
Gold:   86         SH:  0    Dex: 16    Spells: 0 memorised, 2 levels left

rFire  . . .     SeeInvis .     a - +2 dagger
rCold  . . .     Gourm    .     c - +0 robe
rNeg   . . .     Faith    .     (no shield)
rPois  .         Spirit   +     (no helmet)
rElec  .         Dismiss  .     d - +0 cloak
rCorr  .         Reflect  .     (no gloves)
SustAt .         Harm     .     (no boots)
MR     .....                    (no amulet)
Stlth  +++.......               (no ring)
                                (no ring)

@: not resistant to hostile enchantments, fairly stealthy
A: fangs 2, regeneration 1, magic shield, antimagic bite, no device heal 3, rot
immunity
a: no special abilities


You were on level 2 of the Dungeon.
You were not hungry.

You visited 1 branch of the dungeon, and saw 2 of its levels.

You collected 86 gold pieces.


Innate Abilities, Weirdness & Mutations

You have extremely sharp teeth.
Your natural rate of healing is unusually fast.
When hurt, damage is shared between your health and your magic reserves.
Your bite disrupts and absorbs the magic of your enemies.
Potions and wands cannot restore your health.
You are immune to rotting.


   Skills:
 - Level 1.7 Fighting
 + Level 3.4 Short Blades
 - Level 1.7 Throwing
 - Level 0.7 Dodging
 - Level 4.8 Stealth


You had 2 spell levels left.
You didn't know any spells.

Inventory:

Hand Weapons
 a - a +2 dagger (weapon)
 b - a +0 blowgun
Missiles
 e - 8 poisoned needles
 f - 2 curare-tipped needles {=f}
Armour
 c - a +0 robe (worn)
 d - a +0 cloak (worn)
Jewellery
 n - an uncursed ring of wizardry {unknown}
Scrolls
 h - a scroll of remove curse {unknown}
 i - a scroll of enchant armour {unknown}
 j - 2 scrolls of enchant weapon {unknown}
 o - 2 scrolls of identify {unknown}
Potions
 l - a potion of lignification {unknown}
 m - 3 potions of curing {unknown}
Comestibles
 g - 2 bread rations

Dungeon Overview and Level Annotations

Branches:
Dungeon (2/15)

Altars:

Annotations:
D:2 Robin

## .. #####.# # . ###### #...
.#.#...
##.....####.###(.(....
......(.....g@ggg>.[#
#.#>#......###g....#
#...<.†....# ######
..#....#..##### # #.......#
.....#..#..#... .# #.......#
.#.# #.....#.###.## #.......#
# #............# #.......#
....#.....#......####.......#
...#..#....#....#..........#


You could see Robin, a hobgoblin and 3 goblins.


Message History

You hit the goblin.
You kill the goblin!
You hit the goblin. Your bite misses the goblin.
The goblin is severely wounded.
The goblin hits you.
* * * LOW HITPOINT WARNING * * *
Robin throws the goblin at you!
* * * LOW HITPOINT WARNING * * *
You hit the goblin.
You kill the goblin!
The goblin shoots a stone.
The stone barely misses you. The goblin barely misses you.
You closely miss the goblin. The goblin hits you.
* * * LOW HITPOINT WARNING * * *
The hobgoblin closely misses you.
You closely miss the goblin. You bite the goblin, but do no damage.
The goblin barely misses you.
You barely miss the goblin. Your bite misses the goblin.
The hobgoblin hits you!
You die...

Action                   || total
-------------------------++-------
Melee: Dagger            ||    80
       Bite              ||    19
Throw: Javelin           ||     7
 Stab: Sleeping          ||     2
Armor: Robe              ||    21
Dodge: Dodged            ||    51

Vault maps used:
D:1:      dpeg_arrival_tiny_a
D:2:      uniq_robin

Notes
Turn   | Place    | Note
--------------------------------------------------------------
     0 | D:1      | zeroDi the Vine Stalker Assassin began the quest for the Orb.
     0 | D:1      | Reached XP level 1. HP: 11/11 MP: 2/2
    49 | D:1      | Reached skill level 2 in Short Blades
   103 | D:1      | Reached XP level 2. HP: 12/15 MP: 1/3
   539 | D:2      | Reached skill level 3 in Short Blades
   549 | D:2      | Reached XP level 3. HP: 15/18 MP: 4/4
   730 | D:2      | Noticed Robin
   747 | D:2      | Slain by a hobgoblin

Vanquished Creatures
  2 dart slugs (D:1)
  A giant gecko (D:2)
  3 bats
  A giant cockroach (D:1)
  11 goblins
  3 hobgoblins (D:1)
  3 jackals (D:2)
  4 kobolds
  4 rats
32 creatures vanquished.
